 Dungeon Crawl Stone Soup version 0.27-a0-1202-ge72e49191c (webtiles) character file.

Game seed: 13305084278379520072

20401 robertstho the Cleaver (level 12, -11/112 HPs)
             Began as a White Draconian Berserker on June 4, 2021.
             Was a High Priest of Trog.
             Mangled by a rakshasa
             ... wielding a +0 trident
              (19 damage)
             ... on level 12 of the Dungeon.
             The game lasted 00:16:39 (12081 turns).

robertstho the Cleaver (White Draconian Berserker) Turns: 12081, Time: 00:16:40

Health: -11/112    AC: 10    Str: 27    XL:     12   Next: 45%
Magic:  12/12      EV: 16    Int: 14    God:    Trog [*****.]
Gold:   760        SH:  4    Dex: 12    Spells: 11/11 levels left

rFire    + . .     SeeInvis .   h - +2 broad axe (drain)
rCold    + + +     Faith    .   w - +0 buckler
rNeg     . . .     Spirit   .   (armour unavailable)
rPois    +         Reflect  .   P - +1 hat
rElec    .         Harm     .   (no cloak)
rCorr    .         Rampage  .   (no gloves)
Will     ++...                  n - +0 pair of boots
Stlth    +++.......             E - amulet "Xueri" {Fly rC+ Regen+ Str+4}
HPRegen  2.28/turn              c - ring of Oguirun {rF+ rC+ Int+6}
MPRegen  0.13/turn              y - ring of poison resistance

@: strong-willed, on berserk cooldown, flying, regenerating, slowed, very slow
A: breathe frost, AC +8, unfitting armour, cold resistance 1, cold-blooded
a: Breathe Frost, Renounce Religion, Berserk, Trog's Hand, Brothers in Arms


You were on level 12 of the Dungeon.
You worshipped Trog.
Trog was extremely pleased with you.
You visited 1 branch of the dungeon, and saw 12 of its levels.

You collected 760 gold pieces.

Inventory:

Hand Weapons
 h - a +2 broad axe of draining (weapon)
 l - a +0 broad axe
 I - a +4 scimitar of flaming
 L - a +2 battleaxe of freezing
Missiles
 d - 10 boomerangs of dispersal
 C - a curare-tipped dart
 D - 5 atropa-tipped darts
 N - a throwing net
Armour
 n - a +0 pair of boots (worn)
 w - a +0 buckler (worn)
 P - a +1 hat (worn)
Jewellery
 c - the ring of Oguirun (left hand) {rF+ rC+ Int+6}
   (You acquired it on level 3 of the Dungeon)

   [ring of intelligence]

   It affects your intelligence (+6).
   It protects you from fire.
   It protects you from cold.
 o - an amulet of the acrobat
 q - a ring of see invisible
 r - a ring of ice
 y - a ring of poison resistance (right hand)
 E - the amulet "Xueri" (around neck) {Fly rC+ Regen+ Str+4}
   (You found it on level 8 of the Dungeon)

   [amulet of regeneration]

   It affects your strength (+4).
   It protects you from cold.
   It grants you flight.
   It increases your rate of health regeneration.
 J - a ring of resist corrosion
 K - a ring of protection from cold
 R - a +6 ring of strength
Wands
 t - a wand of iceblast (10)
 F - a wand of polymorph (10)
 H - a wand of digging (4)
 M - a wand of flame (26)
Scrolls
 b - a scroll of immolation {unknown}
 i - 2 scrolls of enchant weapon {unknown}
 j - 2 scrolls of silence {unknown}
 k - 3 scrolls of teleportation
 m - 3 scrolls of fog {unknown}
 p - 2 scrolls of magic mapping {unknown}
 s - 2 scrolls of fear {unknown}
 u - a scroll of torment
 A - 2 scrolls of noise {unknown}
 B - a scroll of enchant armour
 G - a scroll of holy word
 O - 2 scrolls of blinking
Potions
 a - 2 potions of cancellation
 e - 5 potions of heal wounds {unknown}
 f - 2 potions of brilliance {unknown}
 g - 2 potions of attraction {unknown}
 v - 3 potions of flight {unknown}
 x - 4 potions of curing
 z - 2 potions of lignification
 Q - a potion of might {unknown}
 S - a potion of ambrosia {unknown}


   Skills:
 * Level 11.9 Fighting
 + Level 13.1 Axes
 * Level 10.1 Dodging
 + Level 4.7 Stealth
 + Level 3.4 Shields
 + Level 1.7 Evocations


You had 11 spell levels left.
You didn't know any spells.
Your spell library was empty.

Dungeon Overview and Level Annotations

Branches:
Dungeon (12/15)            Temple (0/1) D:7            Lair (0/6) D:10
    Orc (0/2) D:12

Altars:
Cheibriados
Dithmenos
Fedhas
Gozag
Hepliaklqana
Makhleb
Okawaru
Sif Muna
Yredelemnul

Shops:
D:1 (   D:5 (


Innate Abilities, Weirdness & Mutations

You can breathe waves of freezing cold which knock back foes.
Your icy white scales are hard. (AC +8)
You cannot fit into any form of body armour.
Your flesh is cold resistant. (rC+)
You are cold-blooded and may be slowed by cold attacks.


Message History

The rakshasa hits you with a +0 trident!
You slash the rakshasa!
Your tail-slap misses the rakshasa.
The rakshasa is heavily wounded.
The injured rakshasa weaves a defensive illusion!
You barely miss the rakshasa.
The rakshasa is heavily wounded.
The rakshasa hits you with a +0 trident!
* * * LOW HITPOINT WARNING * * *
The rakshasa blinks!
You barely miss the rakshasa.
The rakshasa is heavily wounded.
The rakshasa gestures at you. The lance of force hits you!!
* * * LOW HITPOINT WARNING * * *
You are knocked back by the lance of force.
You feel a strong urge to attack something.
The rakshasa hits you from afar with a +0 trident!
* * * LOW HITPOINT WARNING * * *
The rakshasa barely misses you.
You closely miss the rakshasa.
The rakshasa is heavily wounded.
The rakshasa blinks!
The rakshasa barely misses you. x2
You slash the rakshasa!
The rakshasa is almost dead.
You slash the rakshasa!
You feel the power of Trog in you as your rage grows.
You kill the rakshasa!
The rakshasa hits you from afar with a +0 trident!
* * * LOW HITPOINT WARNING * * *
You feel a strong urge to attack something.
The rakshasa blinks!
You feel your anger nearly subside.
You are no longer berserk.
You are exhausted.
You feel yourself slow down.
Your skin crawls.
You feel strong-willed.
The rakshasa hits you from afar with a +0 trident.
* * * LOW HITPOINT WARNING * * *
The rakshasa hits you from afar with a +0 trident!!
You die...

≈≈≈≈≈≈≈≈≈≈≈≈≈≈≈≈≈≈≈≈≈≈≈......#
#####################≈≈......#
..[...............≈)#≈≈......#
....[.............###≈≈......#
.........8.........>#≈≈.#'####
..................###≈≈.#.#
)................)≈)#≈≈.#.#
#####################≈≈.#.#
≈≈≈≈≈≈≈≈≈≈≈≈≈≈≈≈@≈≈≈≈≈≈.#.#
≈≈≈≈≈≈≈≈≈≈≈≈≈≈≈≈≈≈≈≈≈≈≈.#'#######
..............R.R.............$.#
..(..#####.........####.........#
.....# #.'.........##..+........#
.....###.#.........#..##........#
.....'...#.........'.###........#
.....#####.........### ##########
.....# ###########


You could see 2 rakshasas.

Vanquished Creatures
  Fannar (D:11)
  Harold (D:11)
  A hydra (D:12)
  Erica (D:9)
  A centaur warrior (D:12)
  2 boulder beetles
  3 two-headed ogres
  A tengu warrior (D:10)
  Pikel (D:6)
  2 ugly things
  A deep elf pyromancer (D:12)
  A cyclops (D:12)
  A manticore (D:11)
  A gargoyle (D:12)
  Maggie (D:6)
  A komodo dragon (D:12)
  A troll (D:10)
  A hornet (D:9)
  5 slime creatures
  A meliai zombie (D:10)
  Eustachio (D:6)
  4 wraiths
  6 yaks (D:11)
  2 steam dragons
  2 acid dragons
  3 water moccasins
  7 orc warriors
  A sky beast (D:6)
  3 black bears
  An ice beast (D:7)
  2 ogres
  14 centaurs
  2 lemures (D:6)
  A kobold brigand (D:7)
  5 bullfrogs
  A gnoll sergeant (D:11)
  2 wyvern zombies
  2 scorpions
  3 wights (D:7)
  4 killer bees (D:10)
  A howler monkey (D:9)
  3 electric eels (D:12)
  6 centaur zombies
  4 hounds (D:5)
  7 jellies
  A bullfrog skeleton (D:5)
  5 orc priests
  Jessica (D:2)
  3 iguanas
  A scorpion zombie (D:5)
  Ijyb (D:4)
  7 orc wizards
  A killer bee zombie (D:7)
  2 hound skeletons (D:4)
  A howler monkey zombie (D:8)
  4 adders
  8 gnolls
  2 shadow imps (D:6)
  2 white imps
  2 worms
  A dart slug (D:5)
  25 orcs
  6 ball pythons
  A bat (D:1)
  18 endoplasms
  A giant cockroach (D:4)
  5 goblins
  3 hobgoblins
  13 jackals
  A quokka (D:1)
  3 frilled lizards
  14 kobolds
  2 rats (D:2)
249 creatures vanquished.

Vanquished Creatures (collateral kills)
  A two-headed ogre (D:10)
  A tengu warrior (D:10)
2 creatures vanquished.

Vanquished Creatures (others)
  9 fungi
  2 plants (D:10)
11 creatures vanquished.

Grand Total: 262 creatures vanquished

Notes
Turn   | Place    | Note
-------+----------+-------------------------------------------
     0 | D:1      | robertstho the Draconian Berserker began the quest for the
                  | Orb.
     0 | D:1      | Reached XP level 1. HP: 19/19 MP: 1/1
   120 | D:1      | Found Fazobe's Antique Weapon Shop.
   498 | D:1      | Reached XP level 2. HP: 24/26 MP: 2/2
  1000 | D:2      | Noticed Jessica
  1015 | D:2      | Reached XP level 3. HP: 33/33 MP: 3/3
  1017 | D:2      | Killed Jessica
  1240 | D:2      | Reached ** piety under Trog
  1302 | D:2      | Reached XP level 4. HP: 38/40 MP: 4/4
  1324 | D:2      | Found a faded altar of an unknown god.
  1785 | D:3      | Identified a scroll of acquirement
  1787 | D:3      | Acquired the ring of Oguirun {rF+ rC+ Int+6}
  2608 | D:4      | Reached skill level 4 in Axes
  2654 | D:4      | Reached XP level 5. HP: 47/47 MP: 5/5
  2756 | D:4      | Noticed an ogre
  2763 | D:4      | Killed an ogre
  2764 | D:4      | Reached skill level 5 in Fighting
  2764 | D:4      | Reached skill level 1 in Stealth
  2951 | D:4      | Reached XP level 6. HP: 55/56 MP: 6/6
  2993 | D:4      | Found an iron altar of Okawaru.
  3078 | D:4      | Identified the +3 leather armour of Egeful {rC++}
  3326 | D:4      | Reached skill level 5 in Axes
  3617 | D:4      | Noticed Ijyb
  3625 | D:4      | Killed Ijyb
  3625 | D:4      | Reached *** piety under Trog
  3840 | D:5      | Entered Level 5 of the Dungeon
  4170 | D:5      | Noticed a water moccasin
  4181 | D:5      | Killed a water moccasin
  4182 | D:5      | Your scales start taking on an icy white colour.
  4182 | D:5      | Reached XP level 7. HP: 32/62 MP: 7/7
  4182 | D:5      | Gained mutation: Your flesh is cold resistant. (rC+) [White
                  | Draconian growth]
  4423 | D:5      | Found Gariahoh's Weapon Boutique.
  4718 | D:5      | Reached skill level 6 in Axes
  5292 | D:6      | Reached XP level 8. HP: 45/70 MP: 8/8
  5401 | D:6      | Noticed Maggie
  5423 | D:6      | Killed Maggie
  5424 | D:6      | Reached skill level 7 in Axes
  5424 | D:6      | Reached skill level 5 in Dodging
  5694 | D:6      | Noticed Eustachio
  5708 | D:6      | Killed Eustachio
  5709 | D:6      | Reached skill level 1 in Shields
  5897 | D:6      | Noticed Pikel
  5908 | D:6      | Killed Pikel
  5909 | D:6      | Reached skill level 8 in Axes
  5909 | D:6      | Reached XP level 9. HP: 70/79 MP: 9/9
  6407 | D:7      | Found a staircase to the Ecumenical Temple.
  6629 | D:7      | Reached skill level 9 in Axes
  7353 | D:8      | Found a shimmering blue altar of Sif Muna.
  7743 | D:8      | Found a basalt altar of Yredelemnul.
  7746 | D:8      | Found a blossoming altar of Fedhas.
  7936 | D:8      | Identified the amulet "Xueri" {Fly rC+ Regen+ Str+4}
  8167 | D:8      | Reached **** piety under Trog
  8551 | D:9      | Found a snail-covered altar of Cheibriados.
  8592 | D:9      | Noticed Erica
  8608 | D:9      | HP: 6/123 [something (9)]
  8610 | D:9      | Killed Erica
  8611 | D:9      | Reached skill level 10 in Axes
  8611 | D:9      | Reached XP level 10. HP: 4/90 MP: 10/10
  9054 | D:9      | Found a hazy altar of Hepliaklqana.
  9058 | D:9      | Found a shadowy altar of Dithmenos.
  9437 | D:10     | Entered Level 10 of the Dungeon
  9588 | D:10     | Found a burning altar of Makhleb.
  9597 | D:10     | Found an opulent altar of Gozag.
  9703 | D:10     | Noticed a tengu warrior
  9703 | D:10     | Noticed a tengu warrior
  9814 | D:10     | Killed a tengu warrior
  9815 | D:10     | Reached skill level 11 in Axes
  9826 | D:10     | Killed a tengu warrior
  9857 | D:10     | Noticed a two-headed ogre
  9871 | D:10     | Killed a two-headed ogre
  9990 | D:10     | Found a staircase to the Lair.
 10215 | D:11     | Reached XP level 11. HP: 99/99 MP: 11/11
 10292 | D:11     | Reached skill level 10 in Fighting
 10342 | D:11     | Noticed Harold
 10354 | D:11     | Killed Harold
 10368 | D:11     | Noticed a boulder beetle
 10392 | D:11     | Killed a boulder beetle
 10584 | D:11     | Noticed Fannar
 10602 | D:11     | Killed Fannar
 10603 | D:11     | Reached skill level 1 in Evocations
 10654 | D:11     | Noticed a cyan ugly thing
 10663 | D:11     | Killed a cyan ugly thing
 10730 | D:11     | Reached skill level 12 in Axes
 10763 | D:11     | Noticed a two-headed ogre
 10771 | D:11     | Killed a two-headed ogre
 11184 | D:12     | Noticed a boulder beetle
 11184 | D:12     | Noticed a two-headed ogre
 11191 | D:12     | Killed a two-headed ogre
 11198 | D:12     | Killed a boulder beetle
 11316 | D:12     | Reached XP level 12. HP: 110/110 MP: 12/12
 11553 | D:12     | Noticed a two-headed ogre
 11577 | D:12     | Reached ***** piety under Trog
 11578 | D:12     | Killed a two-headed ogre
 11669 | D:12     | Found a staircase to the Orcish Mines.
 11729 | D:12     | Noticed a centaur warrior
 11734 | D:12     | Killed a centaur warrior
 11755 | D:12     | Noticed a two-headed ogre
 11809 | D:12     | Reached skill level 10 in Dodging
 11835 | D:12     | Reached skill level 13 in Axes
 11849 | D:12     | Identified the +3 robe "Jiteheeb" {rF++ Str+3 Slay+3}
 11922 | D:12     | Noticed a rakshasa
 11922 | D:12     | Noticed a boulder beetle
 11923 | D:12     | Noticed a two-headed ogre
 11924 | D:12     | Noticed a seven-headed hydra
 11937 | D:12     | Killed an 11-headed hydra
 12075 | D:12     | HP: 2/168 [rakshasa/+0 trident (16)]
 12081 | D:12     | Mangled by a rakshasa

Illustrated notes

Levels and vault maps discovered:
D:1:      dpeg_arrival_round_b, layout_basic, serial_shops, shop,
          serial_park_tiny_pond, chequers_serial_rivers_room_b
D:2:      layout_rooms, shapermc_ecumenical_altar_totnotflames, uniq_jessica
D:3:      layout_basic
D:4:      layout_gridville, okawaru_trees_2, serial_glass, glass_columns_b,
          glass_columns_b, uniq_ijyb
D:5:      layout_loops_ring, serial_shops, shop_fountains
D:6:      lemuel_slime, layout_basic, uniq_maggie, uniq_eustachio, uniq_pikel
D:7:      layout_loops_corners, minmay_temple_entry_waves
D:8:      layout_gridville, minitemple, overflow_temple_1_default
D:9:      layout_basic, lemuel_crystal_altar,
          riverfiend_overflow_shadow_ancestor, uniq_erica
D:10:     layout_basic, nicolae_gozag_seed_capital, bloody_makhleb,
          grunt_lair_entry_orc_guard_hut
D:11:     layout_long_grid, serial_rivers, chequers_serial_rivers_small_3,
          chequers_serial_rivers_large_a, chequers_serial_rivers_room_a,
          chequers_serial_rivers_room_b, minmay_misc_feat_roman,
          minmay_misc_feat_five, uniq_fannar, uniq_harold
D:12:     layout_roguey, erik_orc_2, minmay_joined_circles

Skill      XL: |  1  2  3  4  5  6  7  8  9 10 11 12 |
---------------+-------------------------------------+-----
Dodging        | 3 4 5 7 8 9 10 | 10.1
Fighting       | 4 5 6 7 8 9 11 | 11.9
Axes           | 4 5 6 8 10 11 12 13 | 13.1
Stealth        | 1 2 3 4 |  4.7
Shields        | 1 2 3 |  3.4
Evocations     | 1 |  1.7

Action                   |  1- 3 |  4- 6 |  7- 9 | 10-12 || total
-------------------------+-------+-------+-------+-------++-------
Melee: Hand axe          |    59 |     1 |       |       ||    60
       Tailslap          |     6 |    15 |    38 |    45 ||   104
       Broad axe         |       |   160 |   230 |   310 ||   700
Invok: Berserk           |     2 |     5 |     3 |    13 ||    23
       Trog's Hand       |       |       |     2 |     2 ||     4
       Brothers in Arms  |       |       |       |     4 ||     4
 Abil: Breathe Frost     |       |       |     2 |     1 ||     3
Evoke: Wand              |       |       |       |    13 ||    13
  Use: Scroll            |       |     4 |     2 |    10 ||    16
       Potion            |       |       |     2 |     1 ||     3
 Stab: Sleeping          |     1 |     3 |     3 |     5 ||    12
       Invisible         |       |       |     2 |       ||     2
Armor: Skin              |    14 |    60 |    63 |   139 ||   276
Dodge: Dodged            |    37 |   116 |   158 |   288 ||   599
Block: Buckler           |       |       |    39 |    78 ||   117

Table legend: (Time is in decaauts)
 A = Elapsed time spent in this place.
 B = Non-inter-level travel time spent in this place.
 C = Inter-level travel time spent in this place.
 D = Time resting spent in this place.
 E = Time spent auto-exploring this place.
 F = Levels seen in this place.
 G = Mean time per level.
                   A        B        C        D        E       F      G
               +--------+--------+--------+--------+--------+-----+--------+
         Total |  12400 |  11942 |    458 |    520 |   9418 |  12 | 1033.3 |
       Dungeon |  12400 |  11942 |    458 |    520 |   9418 |  12 | 1033.3 |
               +--------+--------+--------+--------+--------+-----+--------+

Top non-repeatable levels by time:
     D:5: 1397 daAuts
     D:4: 1307 daAuts
     D:6: 1192 daAuts
     D:8: 1137 daAuts
     D:9: 1028 daAuts
     D:1: 1009 daAuts
     D:3: 976 daAuts
    D:12: 968 daAuts
     D:7: 968 daAuts
    D:11: 960 daAuts
    D:10: 787 daAuts
     D:2: 666 daAuts
